 Dungeon Crawl Stone Soup version 0.21-a0-286-g6fcecc0 (webtiles) character file.

10707 tidbits the Fighter (level 11, -2/99 HPs)
             Began as a White Draconian Necromancer on Sept 26, 2017.
             Was a High Priest of Uskayaw.
             Slain by an orc warrior
             ... wielding a +0 dire flail
              (8 damage)
             ... on level 1 of the Orcish Mines.
             The game lasted 00:53:30 (5636 turns).

tidbits the Fighter (White Draconian Necromancer)   Turns: 5636, Time: 00:53:30

Health: -2/99      AC:  8    Str: 12    XL:     11   Next: 39%
Magic:  5/22       EV: 16    Int: 18    God:    Uskayaw [*****.]
Gold:   94         SH:  3    Dex: 13    Spells: 0/24 levels left

rFire    . . .     SeeInvis .     - Unarmed
rCold    + . .     Gourm    .   (shield currently unavailable)
rNeg     . . .     Faith    .   (armour unavailable)
rPois    +         Spirit   .   (helmet restricted)
rElec    .         Reflect  +   C - +0 cloak
rCorr    .         Harm     .   (gloves currently unavailable)
MR       +....                  (no boots)
Stlth    ++........             u - +3 amulet of reflection
HPRegen  0.66/turn              c - ring of protection from magic
MPRegen  0.18/turn              (no ring)

@: blade hands
A: breathe frost, unfitting armour, horns 1, cold resistance 1, poison
resistance, regeneration 1, strong 1, cold-blooded, AC +7
a: Breathe Frost, End Transformation, Stomp, Line Pass, Grand Finale, Renounce
Religion


You were on level 1 of the Orcish Mines.
You worshipped Uskayaw.
Uskayaw was noncommittal.
You were very hungry.
You had blades for hands.
You visited 2 branches of the dungeon, and saw 12 of its levels.
You also visited: Ossuary.

You collected 478 gold pieces.
You spent 384 gold pieces at shops.

Inventory:

Hand Weapons
 d - a +1 dagger of venom (melded)
   (You found it on level 7 of the Dungeon)
 h - a +2 trident of venom
   (You took it off an orc on level 4 of the Dungeon)
 R - a +1 flail of holy wrath
   (You took it off an orc on level 9 of the Dungeon)
 S - a +4 short sword of speed
   (You took it off Maurice on level 10 of the Dungeon)
Missiles
 i - a throwing net (quivered) {!f}
 j - 79 arrows
 m - 2 needles of paralysis
 V - 7 tomahawks
Armour
 C - a +0 cloak (worn)
 D - a +0 buckler (melded)
Jewellery
 c - a ring of protection from magic (left scythe-like blade)
   (You found it on level 4 of the Dungeon)
 g - an uncursed ring of fire
   (You found it on level 1 of the Dungeon)
 p - an uncursed ring of teleportation
   (You found it on level 4 of the Dungeon)
 u - a +3 amulet of reflection (around neck)
   (You found it on level 8 of the Dungeon)
Wands
 y - a wand of flame (15/48)
 H - a wand of clouds (5/9)
 I - a wand of polymorph (11/24)
 O - a wand of lightning (9/15)
 T - a wand of digging (9/24)
Scrolls
 k - 2 scrolls of recharging
 l - 2 scrolls of fog
 o - a scroll of amnesia {unknown}
 r - 2 scrolls of remove curse
 v - 2 scrolls of enchant weapon {unknown}
 w - 4 scrolls of teleportation
 B - a scroll of enchant armour {unknown}
 E - a scroll of fear {unknown}
 U - a scroll of immolation {unknown}
Potions
 e - 2 potions of flight
 f - a potion of ambrosia
 n - a potion of lignification
 q - 4 potions of might
 s - 2 potions of mutation {!q}
 x - a potion of heal wounds
 z - a potion of resistance
 A - 5 potions of curing
 F - a potion of cancellation
 K - a potion of magic
 N - a potion of berserk rage {unknown}
 Q - 2 potions of agility
Books
 a - a book of Necromancy

   Spells                             Type                      Level
   a - Pain                           Necromancy                   1
   b - Animate Skeleton               Necromancy                   1
   c - Vampiric Draining              Necromancy                   3
   d - Regeneration                   Charms/Necromancy            3
   e - Animate Dead                   Necromancy                   4
   f - Control Undead                 Necromancy                   4
 P - a book of Changes
   (You found it on level 6 of the Dungeon)

   Spells                             Type                      Level
   a - Beastly Appendage              Transmutation                1
   b - Sticks to Snakes               Transmutation                2
   c - Spider Form                    Transmutation/Poison         3
   d - Ice Form                       Ice/Transmutation            4
   e - Blade Hands                    Transmutation                5
Comestibles
 b - 7 bread rations
 G - 2 meat rations
 L - 6 chunks of flesh


   Skills:
 - Level 9.8 Fighting
 - Level 7.4 Dodging
 - Level 1.7 Stealth
 - Level 4.0 Shields
 * Level 4.8 Unarmed Combat
 - Level 7.4 Spellcasting
 - Level 7.0 Necromancy
 + Level 7.0 Transmutations


You couldn't memorise any spells.
You knew the following spells:

 Your Spells              Type           Power        Failure   Level  Hunger
a - Pain                  Necr           ####         12%         1    None
e - Beastly Appendage     Tmut           ####..       12%         1    None
h - Blade Hands           Tmut           ####......   56%         5    #####..
k - Sticks to Snakes      Tmut           ####....     14%         2    None
n - Animate Skeleton      Necr           N/A          12%         1    None
r - Regeneration          Chrm/Necr      ###.......   41%         3    #......
u - Control Undead        Necr           ####......   36%         4    ###....
v - Vampiric Draining     Necr           ####......   21%         3    #......
N - Animate Dead          Necr           N/A          36%         4    ###....


Dungeon Overview and Level Annotations

Branches:
Dungeon (11/15)               Orc (1/2) D:9
 Temple: D:4-7         Lair: D:8-11

Altars:
Cheibriados
Fedhas
Makhleb
Uskayaw
Wu Jian

Shops:
D:7 !   Orc:1 !


Innate Abilities, Weirdness & Mutations

You can breathe waves of freezing cold.
You can buffet flying creatures when you breathe cold.
Your icy white scales are hard. (AC +7)
You cannot fit into any form of body armour.
Your flesh is cold resistant. (rC+)
You are cold-blooded and may be slowed by cold attacks.
You have a pair of small horns on your head.
Your system is resistant to poisons. (rPois)
Your natural rate of healing is unusually fast.
Your muscles are strong. (Str +2)


Message History

Press: ? - help, Shift-Dir - straight line, f - orc
Aim: an orc
Okay, then.
Unknown command.
Press: ? - help, Shift-Dir - straight line, f - orc priest
Aim: an orc priest, wielding a flail and wearing a leather armour You exhale a wave of freezing cold.
The freezing breath hits the orc priest.
The orc priest is heavily wounded.
You feel somewhat more hungry.
An orc comes into view.
The orc priest completely misses you. The orc misses you.
You slash the orc priest!
You kill the orc priest!
Uskayaw will force your foes to share their pain.
Uskayaw links your audience in an emotional bond!
An orc comes into view. It is wielding a dagger.
You slash the orc warrior!
You kill the orc wizard!
You kill the orc!
You tail-slap the orc warrior, but do no damage.
The orc warrior is almost dead.
You hit the orc warrior.
You kill the orc warrior!
Your Transmutations skill increases to level 7!
An orc wizard comes into view. It is wielding a dagger.
An orc warrior comes into view. It is wielding a dire flail.
The orc wizard shouts!
The orc is no longer sharing its pain. x2
Found 22 gold pieces.
An orc priest comes into view. It is wielding a flail.
Items here: $ ) [ † a flail; a chain mail; 18 gold pieces; an orc corpse You barely miss the orc.
The orc is severely wounded.
The orc closely misses you.
The orc warrior shouts!
You slash the orc!
You kill the orc!
You hit the orc but do no damage.
The orc is heavily wounded.
You hear the faint crackling of a very distant melting archway.
The orc priest calls down the wrath of Beogh upon you.
Beogh smites you!
* * * LOW HITPOINT WARNING * * *
The orc hits you but does no damage.
An orc wizard comes into view. It is wielding a dagger.
The orc wizard shouts!
You hear a shout!
You slice the orc!!
You kill the orc!
You have got your breath back.
Uskayaw prepares the audience for your solo!
You feel much better.
An orc priest comes into view. It is wielding a dagger of draining.
An orc warrior and an orc priest come into view.
The orc warrior is no longer paralysed.
The orc wizard is no longer paralysed.
The orc priest is no longer paralysed.
The orc wizard is no longer paralysed.
The orc wizard barely misses you.
The orc priest mumbles some strange prayers to Beogh against you.
Beogh smites you!
* * * LOW HITPOINT WARNING * * *
The orc priest shouts!
You see here a dagger.
You slice the orc wizard!!
You kill the orc wizard!
The orc wizard gestures at you while chanting.
The magic dart hits you!
* * * LOW HITPOINT WARNING * * *
The orc priest invokes the aid of Beogh against you.
Pain shoots through your body!
* * * LOW HITPOINT WARNING * * *
You can now merge with and destroy a victim.
You slice the orc warrior!!
The orc warrior is almost dead.
The orc warrior hits you with a dire flail!
* * * LOW HITPOINT WARNING * * *
The orc wizard points at you and mumbles some strange words.
The puff of flame hits you!
* * * LOW HITPOINT WARNING * * *
You feel much better.
The orc priest casts a cantrip, but nothing happens.
The orc warrior closely misses you.
You barely miss the orc warrior.
The orc warrior is almost dead.
The orc warrior misses you.
You hit the orc priest but do no damage.
You tail-slap the orc priest, but do no damage.
The orc priest hits you with a flail.
* * * LOW HITPOINT WARNING * * *
You slash the orc priest! You slash the orc priest.
The orc priest is almost dead.
You block the orc priest's attack. The orc priest misses you.
The orc warrior barely misses you.
You slash the orc priest!
You kill the orc priest!
The orc priest invokes the aid of Beogh against you.
Beogh smites you!
* * * LOW HITPOINT WARNING * * *
The orc priest hits you but does no damage.
The orc warrior hits you with a dire flail!
You die...

............#........
....................
#.........∩.....#.#.
..#.#.........#.#....
.......†......#.##.#.
.......)).)).....###
........o...)....#
.......oo)##..#.##
.......o@)..##...#
#......o.....##.##
#..#......#.## ##
...##.#..#### #.
...#... ...$....
.#.....$. ##...#..#


You could see 2 orc warriors, 2 orc priests and an orc wizard.

Vanquished Creatures
  4 two-headed ogres
  An ugly thing (D:8)
  Maurice (D:10)
  A troll (D:9)
  2 hippogriffs (D:9)
  10 yaks
  4 hungry ghosts
  Duvessa (D:7)
  6 orc warriors
  An ice beast (D:6)
  2 phantoms (D:6)
  4 ogres
  3 necrophages
  2 centaurs
  5 bullfrogs
  A wyvern zombie (D:8)
  Dowan (D:7)
  9 scorpions
  8 killer bees
  6 wights
  A bullfrog zombie (D:9)
  3 human zombies (Ossuary)
  3 crimson imps
  2 jellies
  2 centaur zombies (Ossuary)
  4 hounds
  8 orc priests
  A bullfrog skeleton (D:8)
  3 centaur skeletons
  9 orc wizards
  3 iguanas
  4 worker ants
  A hound zombie (D:8)
  2 hound skeletons
  3 mummies
  A howler monkey skeleton (D:6)
  4 scorpion zombies (Ossuary)
  11 adders
  6 gnolls
  3 shadow imps (D:9)
  7 leopard geckos
  23 orcs
  A ball python (D:2)
  4 giant cockroaches
  10 goblins
  7 hobgoblins
  12 jackals
  3 quokkas
  3 bats
  A frilled lizard (D:1)
  3 goblin zombies (Ossuary)
  A hobgoblin zombie (Ossuary)
  3 kobolds
  An orc zombie (Ossuary)
  6 rats
231 creatures vanquished.

Vanquished Creatures (collateral kills)
  2 yaks (D:9)
  A warg (D:9)
  2 ogres (D:6)
  A necrophage (D:9)
  A bullfrog (D:9)
  2 killer bees (D:9)
  2 wights
  A centaur zombie (D:9)
  A bullfrog zombie (D:9)
  A hound (D:8)
  A bullfrog skeleton (D:6)
  An orc wizard (D:9)
  2 iguanas (D:6)
  2 worker ants
  A big kobold zombie (Ossuary)
  A hound zombie (D:8)
  2 mummies
  3 scorpion zombies (Ossuary)
  An adder (D:8)
  An adder skeleton (D:4)
  13 orcs
  A hobgoblin (D:9)
  An orc zombie (Ossuary)
44 creatures vanquished.

Grand Total: 275 creatures vanquished

Notes
Turn   | Place    | Note
-------+----------+-------------------------------------------
     0 | D:1      | tidbits the Draconian Necromancer began the quest for the Orb.
     0 | D:1      | Reached XP level 1. HP: 14/14 MP: 3/3
   481 | D:1      | Reached XP level 2. HP: 16/20 MP: 3/5
   959 | D:3      | Reached XP level 3. HP: 20/26 MP: 2/6
   964 | D:3      | Learned a level 3 spell: Vampiric Draining
   968 | D:3      | Learned a level 1 spell: Animate Skeleton
  1074 | D:2      | Found a hide-covered altar of Uskayaw.
  1085 | D:2      | Became a worshipper of Uskayaw the Reveler
  1200 | D:2      | Reached * piety under Uskayaw
  1281 | D:3      | Reached skill level 5 in Necromancy
  1281 | D:3      | Reached ** piety under Uskayaw
  1325 | D:3      | Found a burning altar of Makhleb.
  1328 | D:3      | Found an ornate altar of the Wu Jian Council.
  1330 | D:3      | Found a blossoming altar of Fedhas.
  1489 | D:4      | Reached XP level 4. HP: 23/33 MP: 0/8
  1574 | D:3      | Learned a level 3 spell: Regeneration
  1662 | D:3      | Reached skill level 3 in Spellcasting
  1908 | D:5      | Entered Level 5 of the Dungeon
  1928 | D:5      | Reached XP level 5. HP: 31/38 MP: 0/9
  2032 | D:5      | Noticed a hungry ghost
  2059 | D:5      | Killed a hungry ghost
  2059 | D:5      | Reached skill level 6 in Necromancy
  2059 | D:5      | Reached XP level 6. HP: 20/45 MP: 11/11
  2244 | D:4      | Gained mutation: Your natural rate of healing is unusually fast. [potion of mutation]
  2244 | D:4      | Gained mutation: Your muscles are strong. (Str +2) [potion of mutation]
  2244 | D:4      | Gained mutation: Your system is resistant to poisons. (rPois) [potion of mutation]
  2244 | D:4      | Gained mutation: You have a pair of small horns on your head. [potion of mutation]
  2259 | D:4      | Reached skill level 4 in Spellcasting
  2259 | D:4      | Reached *** piety under Uskayaw
  2268 | D:4      | Reached skill level 7 in Necromancy
  2268 | D:4      | Reached **** piety under Uskayaw
  2318 | D:4      | Reached skill level 1 in Fighting
  2318 | D:4      | Reached skill level 1 in Shields
  2354 | D:4      | Got a scorched chain mail
  2395 | D:4      | Reached skill level 2 in Fighting
  2395 | D:4      | Reached skill level 2 in Shields
  2395 | D:4      | Your scales start taking on an icy white colour.
  2395 | D:4      | Reached XP level 7. HP: 54/55 MP: 3/13
  2395 | D:4      | Gained mutation: Your flesh is cold resistant. (rC+) [White Draconian growth]
  2463 | D:4      | Learned a level 4 spell: Control Undead
  2517 | D:6      | Reached skill level 3 in Fighting
  2619 | D:6      | Reached skill level 3 in Shields
  2683 | D:7      | Reached skill level 4 in Fighting
  2692 | D:7      | Found Eshaec's Distillery.
  2702 | D:7      | Bought a potion of might for 56 gold pieces
  2702 | D:7      | Bought a potion of might for 56 gold pieces
  2783 | D:7      | Found a sand-covered staircase.
  2797 | Ossuary  | Entered an ossuary
  2830 | Ossuary  | Reached skill level 4 in Shields
  2838 | Ossuary  | Reached skill level 2 in Dodging
  2867 | Ossuary  | Reached XP level 8. HP: 64/67 MP: 14/14
  2958 | Ossuary  | Reached skill level 5 in Fighting
  2973 | Ossuary  | Reached skill level 3 in Dodging
  3266 | D:7      | Reached skill level 6 in Fighting
  3313 | D:7      | Reached skill level 4 in Dodging
  3490 | D:7      | Reached skill level 7 in Fighting
  3642 | D:7      | Noticed Dowan
  3647 | D:7      | Noticed Duvessa
  3661 | D:7      | Killed Duvessa
  3661 | D:7      | Reached skill level 5 in Dodging
  3661 | D:7      | Reached XP level 9. HP: 79/79 MP: 13/15
  3674 | D:7      | Killed Dowan
  3702 | D:7      | Learned a level 4 spell: Animate Dead
  3818 | D:8      | Noticed a two-headed ogre
  3829 | D:8      | Killed a two-headed ogre
  3829 | D:8      | Reached skill level 8 in Fighting
  3829 | D:8      | Reached skill level 6 in Dodging
  3859 | D:8      | Found a snail-covered altar of Cheibriados.
  3938 | D:8      | Noticed a two-headed ogre
  3953 | D:8      | Killed a two-headed ogre
  3953 | D:8      | Reached skill level 9 in Fighting
  3953 | D:8      | Reached skill level 7 in Dodging
  4164 | D:6      | Reached XP level 10. HP: 89/92 MP: 16/16
  4203 | D:6      | Learned a level 1 spell: Beastly Appendage
  4264 | D:6      | Reached skill level 1 in Unarmed Combat
  4293 | D:6      | Reached skill level 1 in Transmutations
  4443 | D:8      | Noticed a red ugly thing
  4457 | D:8      | Reached skill level 2 in Transmutations
  4529 | D:8      | Noticed a two-headed ogre
  4540 | D:8      | Killed a two-headed ogre
  4540 | D:8      | Reached skill level 5 in Spellcasting
  4540 | D:8      | Reached skill level 3 in Transmutations
  4545 | D:8      | Learned a level 2 spell: Sticks to Snakes
  4626 | D:8      | Reached skill level 4 in Transmutations
  4634 | D:8      | Killed a red ugly thing
  4634 | D:8      | Reached skill level 6 in Spellcasting
  4636 | D:8      | Reached ***** piety under Uskayaw
  4858 | D:9      | Reached skill level 5 in Transmutations
  5093 | D:9      | Reached skill level 7 in Spellcasting
  5093 | D:9      | Reached skill level 6 in Transmutations
  5114 | D:9      | Reached XP level 11. HP: 99/99 MP: 8/21
  5153 | D:10     | Entered Level 10 of the Dungeon
  5165 | D:10     | Noticed Maurice
  5282 | D:10     | Noticed a two-headed ogre
  5294 | D:10     | Killed a two-headed ogre
  5309 | D:10     | Learned a level 5 spell: Blade Hands
  5322 | D:10     | Killed Maurice
  5322 | D:10     | Reached skill level 2 in Unarmed Combat
  5376 | D:9      | Reached skill level 3 in Unarmed Combat
  5452 | D:9      | Reached skill level 4 in Unarmed Combat
  5566 | D:9      | Found a staircase to the Orcish Mines.
  5575 | Orc:1    | Entered Level 1 of the Orcish Mines
  5575 | Orc:1    | Found Tolop's Distillery.
  5581 | Orc:1    | Bought a potion of ambrosia for 128 gold pieces
  5581 | Orc:1    | Bought a potion of agility for 64 gold pieces
  5581 | Orc:1    | Bought a potion of heal wounds for 80 gold pieces
  5622 | Orc:1    | Reached skill level 7 in Transmutations
  5631 | Orc:1    | HP: 6/99 [orc warrior/dire flail (14)]
  5631 | Orc:1    | HP: 1/99 [orc wizard/puff of flame (5)]
  5636 | Orc:1    | HP: 6/99 [orc priest/divine providence (14)]
  5636 | Orc:1    | Slain by an orc warrior

Vault maps used:
D:1:      dpeg_arrival_castle
D:2:      lemuel_round_altar, grunt_decor_one_mirror
D:3:      grunt_temple_overflow_diamond, minitemple, first_bread
D:4:      serial_shops, nicolae_shop_competitors_out_of_business
D:6:      kennysheep_windowed_halls
D:7:      temple_hall, serial_shops, nicolae_shop_waterfront, enter_bailey_3,
          nicolae_ossuary_entry_ruins, grunt_ogre_cave, uniq_duvessa
D:8:      lemuel_doored_altar, st_stairs_11, eino_tiny_chamber, minmay_orc_keep
D:9:      erik_orc_3, serial_undead, serial_undead_e, serial_undead_e,
          serial_undead_d, serial_undead_c, serial_undead_a, serial_undead_e
D:10:     basic_altar, uniq_maurice
D:11:     lair_entry_dummy, uniq_harold
Orc:1:    portal_ice_cave_entry_pillars_2, serial_shops,
          nicolae_shop_behind_doors, shop, shop, shop, shop
Ossuary:  ossuary_minmay_scorpions

Skill      XL: |  1  2  3  4  5  6  7  8  9 10 11 |
---------------+----------------------------------+-----
Necromancy     | 5 6 7 |  7.0
Spellcasting   | 3 4 7 |  7.4
Fighting       | 2 4 7 9 |  9.8
Shields        | 2 4 |  4.0
Dodging        | 2 5 7 |  7.4
Unarmed Combat | 1 4 |  4.8
Transmutations | 6 7 |  7.0
Stealth        | |  1.7

Action                   |  1- 3 |  4- 6 |  7- 9 | 10-12 || total
-------------------------+-------+-------+-------+-------++-------
Melee: Dagger            |    33 |     1 |   256 |    81 ||   371
       Tailslap          |     2 |     5 |    54 |    45 ||   106
       Long sword        |       |    44 |    27 |    44 ||   115
       Headbutt          |       |     4 |    85 |    52 ||   141
       Trident           |       |       |   151 |   139 ||   290
       Kick              |       |       |       |    11 ||    11
       Flail             |       |       |       |    24 ||    24
       Unarmed           |       |       |       |    36 ||    36
       Punch             |       |       |       |     1 ||     1
 Cast: Pain              |    62 |    59 |    36 |    38 ||   195
       Animate Skeleton  |     2 |     7 |     7 |    18 ||    34
       Vampiric Draining |     1 |     4 |    13 |    21 ||    39
       Regeneration      |       |     4 |     9 |     7 ||    20
       Control Undead    |       |       |     7 |     2 ||     9
       Beastly Appendage |       |       |       |     5 ||     5
       Sticks to Snakes  |       |       |       |     8 ||     8
       Blade Hands       |       |       |       |     3 ||     3
       Animate Dead      |       |       |       |     2 ||     2
Invok: Line Pass         |       |       |     1 |       ||     1
 Abil: Breathe Frost     |       |       |     4 |     8 ||    12
Evoke: Wand              |       |       |     1 |     8 ||     9
  Use: Potion            |     1 |     3 |       |     2 ||     6
       Scroll            |       |     8 |     5 |     7 ||    20
 Stab: Paralysed         |       |     2 |     5 |    13 ||    20
       Sleeping          |       |       |     3 |     2 ||     5
       Distracted        |       |       |     1 |     2 ||     3
       Confused          |       |       |     1 |       ||     1
  Eat: Chunk             |     4 |     6 |     3 |    14 ||    27
       Meat ration       |       |     1 |       |       ||     1
       Fruit             |       |       |     4 |       ||     4
       Bread ration      |       |       |     1 |       ||     1
Armor: Skin              |    21 |    25 |    90 |    57 ||   193
Dodge: Dodged            |    37 |    40 |   218 |   214 ||   509
Block: Buckler           |       |     1 |   100 |   116 ||   217
       Reflection        |       |       |     1 |     1 ||     2
       Other             |       |       |       |     4 ||     4
       Rpst.: Long sword |       |    10 |     5 |     6 ||    21

Table legend:
 A = Spawn XP
 B = Non-spawn XP
 C = Spawn XP percentage of total XP
 D = Spawn monster count
 E = Non-spawn monster count
 F = Spawn count percentage of total count
 G = Total turns spent on level
                    A         B        C        D         E        F      G
               +---------+---------+-------+---------+---------+-------+---------
         Total |       0 |   15296 |   0.0 |       0 |     272 |   0.0 |  5636
               +---------+---------+-------+---------+---------+-------+---------
           D:1 |       0 |      19 |   0.0 |       0 |      12 |   0.0 |   687
           D:2 |       0 |      23 |   0.0 |       0 |      12 |   0.0 |   504
           D:3 |       0 |     112 |   0.0 |       0 |      15 |   0.0 |   579
           D:4 |       0 |     452 |   0.0 |       0 |      21 |   0.0 |   406
           D:5 |       0 |     309 |   0.0 |       0 |       9 |   0.0 |   316
           D:6 |       0 |    1350 |   0.0 |       0 |      31 |   0.0 |   585
           D:7 |       0 |    1068 |   0.0 |       0 |      23 |   0.0 |   645
           D:8 |       0 |    4799 |   0.0 |       0 |      34 |   0.0 |   499
           D:9 |       0 |    3731 |   0.0 |       0 |      62 |   0.0 |   689
          D:10 |       0 |    2092 |   0.0 |       0 |       8 |   0.0 |   206
         Orc:1 |       0 |     627 |   0.0 |       0 |      17 |   0.0 |    61
       Ossuary |       0 |     714 |   0.0 |       0 |      28 |   0.0 |   455
               +---------+---------+-------+---------+---------+-------+---------

Table legend:
 A = Turns spent in this place as a percentage of turns spent in the entire game.
 B = Non-inter-level travel turns spent in this place as a percentage of non-inter-level travel turns spent in the entire game.
 C = Inter-level travel turns spent in this place as a percentage of turns spent in this place.
 D = Turns resting spent in this place as a percentage of non-inter-level travel turns spent in this place.
 E = Turns spent auto-exploring this place as a percentage of non-inter-level travel turns spent in this place.
 F = Non-inter-level travel turns spent in this place divided by the number of levels of this place that you've seen.
                   A       B       C       D       E      F
               +-------+-------+-------+-------+-------+----------------------
         Total | 100.0 | 100.0 |   3.8 |   0.0 |   0.0 | 416.9
       Dungeon |  90.8 |  90.5 |   4.2 |   0.0 |   0.0 | 445.8
  Orcish Mines |   1.1 |   1.1 |   0.0 |   0.0 |   0.0 |  61.0
       Ossuary |   8.1 |   8.4 |   0.0 |   0.0 |   0.0 | 455.0
               +-------+-------+-------+-------+-------+----------------------

Table legend:
 A = Kills in this place as a percentage of kills in entire the game.
 B = Kills by you in this place as a percentage of kills by you in the entire game.
 C = Kills by friends in this place as a percentage of kills by friends in the entire game.
 D = Other kills in this place as a percentage of other kills in the entire game.
 E = Experience gained in this place as a percentage of experience gained in the entire game.
 F = Experience gained in this place divided by the number of levels of this place that you have seen.
                   A       B       C       D       E      F
               +-------+-------+-------+-------+-------+----------------------
         Total | 100.0 | 100.0 | 100.0 | 100.0 | 100.0 | 1176.6
       Dungeon |  83.5 |  84.5 |  79.5 |  50.0 |  91.2 | 1268.6
  Orcish Mines |   6.2 |   6.2 |   6.8 |   0.0 |   4.1 | 627.0
       Ossuary |  10.3 |   9.3 |  13.6 |  50.0 |   4.7 | 714.0
               +-------+-------+-------+-------+-------+----------------------

Vault maps used:
D:1:      dpeg_arrival_castle
D:2:      lemuel_round_altar, grunt_decor_one_mirror
D:3:      grunt_temple_overflow_diamond, minitemple, first_bread
D:4:      serial_shops, nicolae_shop_competitors_out_of_business
D:6:      kennysheep_windowed_halls
D:7:      temple_hall, serial_shops, nicolae_shop_waterfront, enter_bailey_3,
          nicolae_ossuary_entry_ruins, grunt_ogre_cave, uniq_duvessa
D:8:      lemuel_doored_altar, st_stairs_11, eino_tiny_chamber, minmay_orc_keep
D:9:      erik_orc_3, serial_undead, serial_undead_e, serial_undead_e,
          serial_undead_d, serial_undead_c, serial_undead_a, serial_undead_e
D:10:     basic_altar, uniq_maurice
D:11:     lair_entry_dummy, uniq_harold
Orc:1:    portal_ice_cave_entry_pillars_2, serial_shops,
          nicolae_shop_behind_doors, shop, shop, shop, shop
Ossuary:  ossuary_minmay_scorpions
